Unix NetHack Version 5.0.0-0 post-release - last build May 23 2026 06:08:33 (1c0ff79ee797540d5714e4e18072db0edd9e58ae,branch:main).

Game began 2026-05-23 20:08:07, ended 2026-05-23 20:25:57.

DeathOnAStick, neutral male human Tourist

                                                       ------        ------
                                                       |.....########-.`..|
                                                       |....| #`#### |....|
                                                       +....|      # |....|
                                                       |>.+.|        -|----
                                                       ----P-         ####
                                                          #@             #
                                                          #              #
                                                        ###              #
                                                        #                ##
                                                        #                 #
                                                 -------.----             #
                                                 |..........|             #
                                                 |..........-###        --|---
                                                 |.......<..|  ######   |....|
                                                 |..........|       #   |....|
                                                 ------------       ####-....|
                                                                        ------

DeathOnAStick the Sightseer  St:9 Dx:12 Co:18 In:12 Wi:11 Ch:14  Neutral S:995
Dlvl:6  $:891 HP:0(32) Pw:17(17) AC:10 Xp:4/149 T:1606 

Latest messages:
 In what direction? l
 The dart hits the manes!
 In what direction? l
 You destroy the manes!
 You see here 2 +2 darts.
 b - 2 +2 darts (at the ready) (13 in total).
 You feel tough!
 You must have been leading a healthy life-style.
 You descend the stairs.
 You hear a door open.
 You see here 6 gold pieces.
 $ - 6 gold pieces (891 in total).
 You see here a swirly potion.
 t - a swirly potion (2 in total).
 This door is locked.
 Unlock it with your credit card? [ynq] (q) y
 You succeed in picking the lock.
 The door resists!
 The door opens.
 You find a hidden passage.
 You find a hidden door.
 The door opens.
 The gnome zombie hits!
 The gnome zombie hits!
 In what direction? h
 The dart hits the gnome zombie.
 The gnome zombie hits!
 In what direction? h
 You destroy the gnome zombie!
 You see here a +2 dart.
 b - a +2 dart (at the ready) (12 in total).
 You find a hidden door.
 The door opens.
 You hit the gray ooze.
 The gray ooze bites!
 You miss the gray ooze.
 You miss the gray ooze.
 You miss the gray ooze.
 The gray ooze bites!
 You hit the gray ooze.
 You miss the gray ooze.
 You miss the gray ooze.
 The gray ooze bites!
 Your iron skull cap rusts!
 You die...
 Do you want your possessions identified? [ynq] (y) y
 Do you want to see your attributes? [ynq] (y) y
 Do you want an account of creatures vanquished? [ynaq] (y) y
 Do you want to see your conduct and achievements? [ynq] (y) y
 Do you want to see the dungeon overview? [ynq] (y) y

Inventory:
 Coins    ('$')
  $ - 891 gold pieces
 Weapons  (')')
  s - 6 blessed +0 elven arrows
  K - 6 +0 orcish arrows
  b - 12 +2 darts (at the ready)
  N - 8 +0 darts
  H - a +0 dagger
  a - a +0 orcish dagger (weapon in right hand)
  Q - a cursed +0 orcish dagger
  G - a +0 axe
 Armor    ('[')
  M - a blessed rusty +0 orcish helm (being worn)
  k - an uncursed +0 Hawaiian shirt with a parrot motif
 Comestibles  ('%')
  c - an uncursed apple
  d - 6 uncursed food rations
  o - an uncursed pancake
  g - 2 uncursed tripe rations
  f - an uncursed egg
 Scrolls  ('?')
  z - an uncursed scroll of enchant weapon
  S - a blessed scroll of food detection
  I - an uncursed scroll of light
 Spellbooks  ('+')
  w - an uncursed spellbook of cure blindness
  n - an uncursed spellbook of light
 Potions  ('!')
  r - 2 uncursed potions of booze
  L - an uncursed potion of gain energy
  A - an uncursed potion of healing
  J - an uncursed potion of levitation
  y - an uncursed potion of oil
  q - 2 uncursed potions of sickness
  t - 2 uncursed potions of speed
 Wands    ('/')
  u - a wand of cancellation (0:8)
  D - a wand of light (0:13)
  P - a wand of light (0:11)
  F - a wand of magic missile (0:5)
 Tools    ('(')
  x - an uncursed credit card
  v - an expensive camera (0:46)
  O - a +0 grappling hook
  R - an uncursed tin whistle
 Gems/Stones  ('*')
  p - a cursed worthless piece of green glass
  B - an uncursed worthless piece of yellowish brown glass

DeathOnAStick the Tourist's attributes:

Background:
 You were a Sightseer, a level 4 male human Tourist.
 You were neutral, on a mission for The Lady
 who was opposed by Blind Io (lawful) and Offler (chaotic).
 You were right-handed.
 You were in the Dungeons of Doom, on level 6.
 You entered the dungeon 1606 turns ago.
 You had 149 experience points, 11 more were needed to attain level 5.
 Your score was 995 before end-of-game adjustments.

Basics:
 You had 0 out of 32 hit points.
 You had all 17 energy points (spell power).
 Your armor class was 10.
 Your wallet contained 891 zorkmids.
 Autopickup was off.

Final Characteristics:
 Your strength was 9 (limit:18/100).
 Your dexterity was 12 (limit:18).
 Your constitution was 18 (limit:18).
 Your intelligence was 12 (limit:18).
 Your wisdom was 11 (limit:18).
 Your charisma was 14 (limit:18).

Final Status:
 You weren't hungry.
 You were unencumbered.
 You were wielding a dagger.
 You were unskilled in dagger.

Final Attributes:
 You were devoutly aligned.
 You were telepathic.
 You are dead.

Miscellaneous:
 You didn't encounter any bones levels.
 Total elapsed playing time was 17 minutes and 47 seconds.

Major events:
 Turn
    1: DeathOnAStick the neutral male human Tourist entered the dungeon
  773: attained the rank of Sightseer (level 3)
  997: entered the Gnomish Mines
 1606: killed by a gray ooze

You didn't know any spells.

Skills:
 Fighting Skills
   bare handed combat [Unskilled]
   two weapon combat  [Unskilled]
   riding             [Unskilled]
 Weapon Skills
   dagger             [Unskilled]
   knife              [Unskilled]
   axe                [Unskilled]
   pick-axe           [Unskilled]
   short sword        [Unskilled]
   broadsword         [Unskilled]
   long sword         [Unskilled]
   two-handed sword   [Unskilled]
   saber              [Unskilled]
   mace               [Unskilled]
   morning star       [Unskilled]
   flail              [Unskilled]
   hammer             [Unskilled]
   quarterstaff       [Unskilled]
   polearms           [Unskilled]
   spear              [Unskilled]
   trident            [Unskilled]
   lance              [Unskilled]
   bow                [Unskilled]
   sling              [Unskilled]
   crossbow           [Unskilled]
   dart               [Basic]
   shuriken           [Unskilled]
   boomerang          [Unskilled]
   whip               [Unskilled]
   unicorn horn       [Unskilled]
 Spellcasting Skills
   divination spells  [Unskilled]
   enchantment spells [Unskilled]
   escape spells      [Unskilled]

Voluntary challenges:
 Character rerolling was not enabled.
 You never genocided any monsters.
 You never polymorphed an object.
 You never changed form.
 You used no wishes.
Achievements:
 You attained the rank of Sightseer.
 You entered the Gnomish Mines.

 The Dungeons of Doom: levels 1 to 6
    Level 1:
    Level 2:
    Level 3:
       Some fountains.
    Level 4:
       A fountain.
       Stairs down to The Gnomish Mines.
    Level 5:
       Many fountains.
    Level 6: <- You were here.
       Final resting place for
          you, killed by a gray ooze.
 The Gnomish Mines:
    Level 5:


Vanquished creatures:
  a little dog
  2 floating eyes
  a kobold leader
  2 hill orcs
  a dwarf zombie
  a wererat
 an iguana
  a hobbit
  a manes
  a hobgoblin
  2 giant rats
  a brown mold
  a red mold
  a garter snake
  a gnome zombie
  2 geckos
  4 jackals
  2 kobolds
  a goblin
  2 sewer rats
  5 grid bugs
  a newt
35 creatures vanquished.

No species were genocided or became extinct.

Game over:
                       ----------
                      /          \
                     /    REST    \
                    /      IN      \
                   /     PEACE      \
                  /                  \
                  |  DeathOnAStick   |
                  |      891 Au      |
                  | killed by a gray |
                  |       ooze       |
                  |                  |
                  |                  |
                  |       2026       |
                 *|     *  *  *      | *
        _________)/\\_//(\/(/\)/\//\/|_)_______

Aloha DeathOnAStick the Tourist...

You died in The Dungeons of Doom on dungeon level 6 with 981 points,
and 891 pieces of gold, after 1606 moves.
You were level 4 with a maximum of 32 hit points when you died.

